 Dungeon Sprint DCSS version 0.29.1-15-g9cfb28693d (webtiles) character file.

Game seed: 1051695731315347674

1713 LynnLen the Thaumaturge (level 8, -5/44 HPs)
             Began as a Spriggan Enchanter on Aug 11, 2023.
             Was a Follower of Dithmenos.
             Shot with an arrow by a centaur warrior (30 damage)
             ... in the Dungeon (Sprint I: "Red Sonja").
             The game lasted 00:03:12 (820 turns).

LynnLen the Thaumaturge (Spriggan Enchanter)         Turns: 820, Time: 00:03:14

Health: -5/44      AC:  4    Str:  6    XL:     8   Next: 74%
Magic:  34/34      EV: 23    Int: 16    God:    Dithmenos [*.....]
Gold:   375        SH:  0    Dex: 16    Spells: 23/31 levels left

rFire   . . .      SeeInvis +   a - +1 dagger
rCold   . . .      Faith    .   (no shield)
rNeg    . . .      Spirit   .   b - +0 robe
rPois   .          Reflect  .   n - +2 hat
rElec   .          Harm     .   m - scarf {shadows}
rCorr   .          Rampage  .   (gloves unavailable)
Will    +....      NoTele   +   (boots unavailable)
Stlth   ++++++....              (no amulet)
HPRegen 0.14/turn               p - ring of magical power
MPRegen 0.24/turn               (no ring)

@: wreathed by umbra, very quick
A: very small, no large weapons, unfitting armour, see invisible, speed 3
a: Renounce Religion


You were in the Dungeon.
You worshipped Dithmenos.
Dithmenos was aware of your devotion.
You visited 1 branch You collected 739 gold pieces.
You spent 364 gold pieces at shops.

Inventory:

Hand Weapons
 a - a +1 dagger (weapon)
 l - the +4 rapier of Vengeance {flame, rC+}
   (You found it in the Dungeon)

   It burns those it strikes, dealing additional fire damage.
   rC:        It protects you from cold.
Armour
 b - a +0 robe (worn)
 m - a scarf of shadows (worn)
 n - a +2 hat (worn)
Jewellery
 p - a ring of magical power (left hand)
Wands
 j - a wand of mindburst (14)
Scrolls
 i - a scroll of blinking
 q - a scroll of identify {unknown}
Potions
 c - a potion of invisibility
 d - 3 potions of curing
 e - a potion of heal wounds
 f - a potion of haste
 g - 2 potions of magic
 h - a potion of berserk rage
 k - 2 potions of brilliance {unknown}
 o - a potion of attraction {unknown}


   Skills:
 + Level 5.7 Fighting
 * Level 8.0 Short Blades
 + Level 10.4 Dodging
 + Level 12.0 Stealth
 * Level 12.4 Spellcasting
 - Level 10.0 Hexes
 - Level 3.0 Ice Magic


You had 23 spell levels left.
You knew the following spells:

 Your Spells              Type           Power      Damage    Failure   Level
a - Ensorcelled Hibernat  Hex/Ice        60%        N/A       1%          2
b - Confusing Touch       Hex            41%        N/A       1%          3
c - Tukima's Dance        Hex            41%        N/A       1%          3

Your spell library contained the following spells:

 Spells                   Type           Power      Damage    Failure   Level
 Dazzling Flash           Conj/Hex       50%        N/A       2%          3


Dungeon Overview and Level Annotations

Branches:
Dungeon (1/1)

Altars:
Cheibriados
Dithmenos
Elyvilon
Fedhas
Gozag
Hepliaklqana
Kikubaaqudgha
Makhleb
Nemelex Xobeh
Okawaru
Qazlal
Ru
Sif Muna
Trog
Uskayaw
Vehumet
Wu Jian
Xom
Yredelemnul
Zin
The Shining One
Jiyva
Lugonu

Shops:
D =([


Innate Abilities, Weirdness & Mutations

You are very small and have problems with some larger weapons.
You are too small for most types of armour.
You have supernaturally acute eyesight. (SInv)
You cover ground extremely quickly. (Speed+++)


Message History

You spit the slime creature like a pig!!!!
You kill the slime creature!
Dithmenos accepts your kill.
You are shrouded in an aura of darkness!
Your Short Blades skill increases to level 8!
Your Stealth skill increases to level 12!
There is an open door here.
There is an open door here.
You see here 6 stones.
You open the door.
A centaur warrior comes into view.
Found 12 gold pieces and a potion of curing.
The centaur warrior moves out of view.
There is an open door here.
There is a shimmering blue altar of Sif Muna here.
There is an open door here.
There is an open door, spattered with blood here.
You open the door.
Found 19 gold pieces and a heavily runed scale mail.
Found a plate armour.
There is an open door here.
You now have 367 gold pieces (gained 11).
You now have 375 gold pieces (gained 8).
You see here the +0 scale mail "Weisevy" {Str+3}.
You open the door.
A centaur warrior comes into view.
The centaur warrior moves out of view.
There is an open door here.
You enter the shallow water.
Moving in this stuff is going to be slow.
The centaur warrior shouts! x2
The centaur warrior wields a +0 shortbow.
The centaur warrior shoots an arrow.
The arrow hits you!!
The centaur warrior attacks as you move away!
The centaur warrior closely misses you. x2
The centaur warrior wields a +0 longbow.
The centaur warrior shoots an arrow.
The arrow barely misses you.
The centaur warrior shoots an arrow.
The arrow hits you!!
Ouch! That really hurt!
You die...

##################
<.#..'..#.)'..#__#
..'..#.)'..#..'..+
..#####'#####'#__####
..####..#...#.####§§#
..#__####..##(#~§§§§#
..#_____##'#_.'§§§c§+
)⌠#_.∩...'..._#~~§c§#
###_..__##_.#'##@###
#_____###'#(#..§[###
###########.####'###.##
∩........'.).'.....'.∩#
##++++####...##########
###.### #.#'#.# #.....#
#.....#


You could see 2 centaur warriors.

Vanquished Creatures
  Sonja (D)
  A deep troll (D)
  A slime creature (D)
  Sigmund (D)
  A yak (D)
  An ogre (D)
  A jelly (D)
  Ijyb (D)
  A ballistomycete spore (D)
9 creatures vanquished.

Vanquished Creatures (others)
  A ballistomycete spore (D)
1 creature vanquished.

Grand Total: 10 creatures vanquished

Notes
Turn   | Place    | Note
-------+----------+-------------------------------------------
     0 | D        | LynnLen the Spriggan Enchanter began the quest for the Orb.
     0 | D        | Reached XP level 1. HP: 9/9 MP: 5/5
     1 | D        | Noticed Ijyb
    22 | D        | Killed Ijyb
    23 | D        | Reached skill level 1 in Fighting
    23 | D        | Reached skill level 5 in Stealth
    23 | D        | Reached skill level 5 in Hexes
    23 | D        | Reached XP level 2. HP: 5/14 MP: 6/8
    35 | D        | Noticed an ogre
    39 | D        | Killed an ogre
    40 | D        | Reached XP level 3. HP: 8/19 MP: 7/11
    40 | D        | Reached XP level 4. HP: 9/23 MP: 8/13
    41 | D        | Noticed Sigmund
    44 | D        | Killed Sigmund
    45 | D        | Reached XP level 5. HP: 12/28 MP: 9/16
    48 | D        | Learned a level 2 spell: Ensorcelled Hibernation
    52 | D        | Learned a level 3 spell: Confusing Touch
    56 | D        | Learned a level 3 spell: Tukima's Dance
   228 | D        | Found an ornate altar of the Wu Jian Council.
   228 | D        | Found a shimmering blue altar of Sif Muna.
   230 | D        | Found a radiant altar of Vehumet.
   235 | D        | Reached XP level 6. HP: 32/32 MP: 15/18
   271 | D        | Found Jopp's Weapon Emporium.
   271 | D        | Found an ancient bone altar of Kikubaaqudgha.
   271 | D        | Found a hazy altar of Hepliaklqana.
   271 | D        | Found a hide-covered altar of Uskayaw.
   271 | D        | Found a basalt altar of Yredelemnul.
   271 | D        | Found an opulent altar of Gozag.
   271 | D        | Found a snail-covered altar of Cheibriados.
   271 | D        | Found a sacrificial altar of Ru.
   271 | D        | Found a shadowy altar of Dithmenos.
   271 | D        | Noticed a yak
   272 | D        | Found a stormy altar of Qazlal.
   272 | D        | Found a blossoming altar of Fedhas.
   272 | D        | Found a bloodstained altar of Trog.
   272 | D        | Found an iron altar of Okawaru.
   272 | D        | Found a glowing golden altar of the Shining One.
   272 | D        | Found a glowing silver altar of Zin.
   272 | D        | Found a white marble altar of Elyvilon.
   273 | D        | Killed a yak
   274 | D        | Reached skill level 5 in Short Blades
   274 | D        | Found a sparkling altar of Nemelex Xobeh.
   280 | D        | Became a worshipper of Dithmenos the Shadowed
   291 | D        | Noticed Sonja
   296 | D        | Killed Sonja
   297 | D        | Reached skill level 10 in Stealth
   297 | D        | Reached skill level 10 in Spellcasting
   297 | D        | Reached skill level 10 in Hexes
   297 | D        | Reached XP level 7. HP: 38/38 MP: 15/22
   340 | D        | Found Cuucothi's Jewellery Boutique.
   360 | D        | Noticed a deep troll
   370 | D        | Killed a deep troll
   371 | D        | Reached skill level 5 in Fighting
   371 | D        | Reached skill level 10 in Dodging
   371 | D        | Reached XP level 8. HP: 44/44 MP: 20/25
   382 | D        | Found Vuschojyo's Armour Emporium.
   386 | D        | Identified the +4 rapier of Vengeance {flame, rC+}
   389 | D        | Bought a scarf of shadows for 156 gold pieces
   389 | D        | Bought a +2 hat for 208 gold pieces
   788 | D        | Found a burning altar of Makhleb.
   788 | D        | Found a viscous altar of Jiyva.
   788 | D        | Found a shimmering altar of Xom.
   788 | D        | Found a corrupted altar of Lugonu.
   788 | D        | Noticed a slime creature
   791 | D        | Killed a slime creature
   791 | D        | Reached * piety under Dithmenos
   798 | D        | Noticed a centaur warrior
   816 | D        | Identified the +0 scale mail "Weisevy" {Str+3}
   818 | D        | Noticed a centaur warrior
   820 | D        | Shot with an arrow by a centaur warrior

Illustrated notes

Levels and vault maps discovered:
D:        dungeon_sprint_1 [red_sonja_temple_1, red_sonja_temple_small_1]

Skill      XL: |  1  2  3  4  5  6  7  8 |
---------------+-------------------------+-----
Fighting       | 1 2 3 4 5 |  5.7
Short Blades   | 2 3 4 6 7 8 |  8.0
Dodging        | 3 4 6 9 10 | 10.4
Stealth        | 5 6 8 10 11 12 | 12.0
Spellcasting   | 4 6 7 8 10 12 | 12.4
Hexes          | 5 6 8 10 | 10.0
Ice Magic      | 3 |  3.0

Action                   |  1- 3 |  4- 6 |  7- 9 || total
-------------------------+-------+-------+-------++-------
Melee: Dagger            |    17 |     4 |     3 ||    24
 Cast: Ensorcelled Hiber |       |     3 |     2 ||     5
  Use: Potion            |     1 |       |       ||     1
 Stab: Invisible         |     3 |       |       ||     3
       Sleeping          |     1 |     4 |     3 ||     8
Dodge: Dodged            |    10 |     1 |     3 ||    14
